 Dungeon Sprint DCSS version 0.30-a0-219-gf2db51d15e (webtiles) character file.

Game seed: 4054436785096438281

163 shadowstone the Covered (level 5, 0/38 HPs)
             Began as a Gargoyle Fighter on Oct 7, 2022.
             Was a Follower of Okawaru.
             Slain by a merfolk
             ... wielding a +0 trident
              (11 damage)
             ... in the Dungeon (Sprint V: "Ziggurat Sprint").
             The game lasted 00:05:19 (263 turns).

shadowstone the Covered (Gargoyle Fighter)           Turns: 263, Time: 00:05:20

Health: 0/38       AC: 32    Str: 21    XL:     5   Next: 44%
Magic:  5/5        EV:  0    Int:  9    God:    Okawaru [*.....]
Gold:   0          SH: 27    Dex:  9    Spells: 4/4 levels left

rFire   . . .      SeeInvis +    x - +14 obsidian axe {vorpal, Mesm Drain Fly SInv}
rCold   . . .      Faith    .    z - +18 shield of the Gong {rElec rN+ Will+ EV-5}
rNeg    + + .      Spirit   .    y - +15 Maxwell's patent armour {-Cast -Tele rElec Will+ rCorr}
rPois   ∞          Reflect  .    (no helmet)
rElec   +          Harm     .    (no cloak)
rCorr   +          Rampage  .    (no gloves)
Will    ++...      NoTele   +    (no boots)
Stlth   .......... NoCast   +    (no amulet)
HPRegen 0.26/turn                (no ring)
MPRegen 0.09/turn                (no ring)

@: flying, mesmerised
A: sickness immunity, AC +4, negative energy resistance 1, electricity
resistance, torment resistance 1, petrification resistance
a: Renounce Religion, Heroism


You were in the Dungeon.
You worshipped Okawaru.
Okawaru was aware of your devotion.
You visited 1 branch

Inventory:

Hand Weapons
 s - a +5 lajatang
 x - the +14 obsidian axe (weapon) {vorpal, Mesm Drain Fly SInv}
   (You found it in the Dungeon)

   It inflicts extra damage upon your enemies.
   It occasionally summons demons to assist the wielder when it strikes in
   combat.
   Its wielder is mesmerised by any visible foes.
   It cannot be unequipped while any foes are visible.
   SInv:      It lets you see invisible.
   Fly:       It grants you flight.
   Drain:     It drains your maximum health when unequipped.
Armour
 a - a +0 scale mail
 b - a +0 buckler
 y - the +15 Maxwell's patent armour (worn) {-Cast -Tele rElec Will+ rCorr}
   (You found it in the Dungeon)

   rElec:     It insulates you from electricity.
   -Cast:     It prevents spellcasting.
   -Tele:     It prevents most forms of teleportation.
   rCorr:     It protects you from acid and corrosion.
   Will:      It increases your willpower.
 z - the +18 shield of the Gong (worn) {rElec rN+ Will+ EV-5}
   (You found it in the Dungeon)

   It is deafeningly noisy when blocking attacks.
   EV:        It affects your evasion (-5).
   rElec:     It insulates you from electricity.
   rN:        It protects you from negative energy.
   Will:      It increases your willpower.
Jewellery
 l - a ring of flight
 m - a +6 ring of dexterity
 n - a +6 ring of dexterity
 o - a +6 ring of intelligence
 p - a +6 ring of intelligence
 q - a +6 ring of strength
 r - a +6 ring of strength
Wands
 j - a wand of mindburst (7)
 k - a wand of quicksilver (7)
Scrolls
 i - 4 scrolls of blinking
 t - 4 scrolls of amnesia
 u - 7 scrolls of fog
 v - 5 scrolls of identify
 w - 2 scrolls of fear
Potions
 c - 6 potions of might
 d - 9 potions of curing
 e - 9 potions of heal wounds
 f - 6 potions of haste
 g - 7 potions of magic
 h - 3 potions of berserk rage
 A - 2 potions of brilliance
 B - 2 potions of invisibility
 C - 4 potions of resistance
 D - a potion of experience
Miscellaneous
 E - a lightning rod (4/4)
 F - a condenser vane


   Skills:
 + Level 7.0 Fighting
 + Level 1.4 Axes
 + Level 7.4 Armour
 + Level 0.1 Dodging
 + Level 7.1 Shields
 + Level 3.2 Unarmed Combat


You had 4 spell levels left.
You didn't know any spells.
Your spell library was empty.

Dungeon Overview and Level Annotations

Branches:
Dungeon (1/1)

Altars:
Ashenzari
Cheibriados
Dithmenos
Elyvilon
Fedhas
Gozag
Hepliaklqana
Kikubaaqudgha
Makhleb
Nemelex Xobeh
Okawaru
Qazlal
Ru
Sif Muna
Trog
Uskayaw
Vehumet
Wu Jian
Xom
Yredelemnul
Zin
The Shining One
Jiyva
Lugonu

Annotations:
D 1 transporter


Innate Abilities, Weirdness & Mutations

You are immune to sickness and miasma.
Your stone body is resilient. (AC +4)
You are immune to poison.
You resist negative energy. (rN+)
You are resistant to electric shocks. (rElec)
You are resistant to unholy torment.
You are immune to petrification.


Message History

You feel much better.
Visions of slaying the merfolk flood into your mind.
You block the merfolk's attack.
GONNNNG!
The merfolk hits you but does no damage.
You block the merfolk's attack.
GONNNNG!
You block the merfolk's attack.
BOUMMMMG!
Unknown command.
Unknown command.
Unknown command.
You slash the merfolk!
The merfolk is almost dead.
You barely miss the merfolk. You slash the merfolk! You hit the merfolk.
You block the merfolk's attack.
GONNNNG!
The merfolk hits you with a +0 trident! You block the merfolk's attack.
PTOANNNG!
The merfolk hits you with a +0 trident! The merfolk hits you with a +0 trident.
You block the merfolk's attack.
PANG!
You block the merfolk's attack.
PANG!
The merfolk hits you but does no damage.
You closely miss the merfolk.
The merfolk is almost dead.
You slash the merfolk! x3
Visions of slaying the merfolk flood into your mind.
You block the merfolk's attack.
BONNNG!
You block the merfolk's attack.
GONNNNG!
You block the merfolk's attack.
GONNNNG!
The merfolk hits you with a +0 trident.
* * * LOW HITPOINT WARNING * * *
The merfolk hits you but does no damage.
The merfolk hits you with a +0 trident!
You die...

▓▓▓▓▓▓▓▓▓▓▓▓▓▓▓▓▓▓▓
▓.8©8.▓.8©8.▓.8©8.▓
▓.|?[.▓.|.).▓.....▓
▓..m..▓.....▓.}.).▓
▓.m@m.▓.....▓.....▓
▓...m.▓.†.†.▓.....▓
▓.....▓.....▓..©..▓
▓..©..▓..©..▓▓▓▓▓▓▓
▓▓▓▓▓▓▓▓▓▓▓▓▓


You could see 4 merfolk.

Vanquished Creatures
  2 bullfrogs (D)
  An iron imp (D)
  A river rat (D)
  A ball python zombie (D)
5 creatures vanquished.

Notes
Turn   | Place    | Note
-------+----------+-------------------------------------------
     0 | D        | shadowstone the Gargoyle Fighter began the quest for the
                  | Orb.
     0 | D        | Reached XP level 1. HP: 14/14 MP: 1/1
     0 | D        | Found a shimmering blue altar of Sif Muna.
     0 | D        | Found a bloodstained altar of Trog.
     0 | D        | Found a sacrificial altar of Ru.
     0 | D        | Found a stormy altar of Qazlal.
     0 | D        | Found an iron altar of Okawaru.
     4 | D        | Found a sparkling altar of Nemelex Xobeh.
     4 | D        | Found the +6 Majin-Bo {vamp, MP+6 Int+6}
     4 | D        | Found the +9 heavy crossbow "Sniper" {vorpal, Acc+∞ SInv}
     4 | D        | Found the +10 dark maul {vorpal}
     4 | D        | Found the +15 Maxwell's patent armour {-Cast -Tele rElec
                  | Will+ rCorr}
     4 | D        | Found the +18 shield of the Gong {rElec rN+ Will+ EV-5}
     4 | D        | Found the +14 obsidian axe {vorpal, Mesm Drain Fly SInv}
     4 | D        | Found the +7 great mace "Firestarter" {inner flame, rF++}
     4 | D        | Found the +6 shillelagh "Devastator" {shatter}
     4 | D        | Found the +11 plutonium sword {Contam Stlth-}
     4 | D        | Found the +8 lance "Wyrmbane" {slay drac, rPois rF+ rC+
                  | AC+3}
     4 | D        | Found the +9 sword of Zonguldrok {reap}
     4 | D        | Found the +13 scythe of Curses {drain, Drain}
     4 | D        | Found the +5 sword of Power {vorpal}
     4 | D        | Found the +7 mace of Variability {chain chaos}
     4 | D        | Found the +7 Singing Sword {vorpal, sonic wave}
     4 | D        | Found the +8 storm bow {elec, penet}
     6 | D        | Found a corrupted altar of Lugonu.
     6 | D        | Found an ancient bone altar of Kikubaaqudgha.
     6 | D        | Found a burning altar of Makhleb.
     6 | D        | Found a transporter.
     6 | D        | Found a viscous altar of Jiyva.
     6 | D        | Found a hazy altar of Hepliaklqana.
    10 | D        | Found an opulent altar of Gozag.
    11 | D        | Found a blossoming altar of Fedhas.
    85 | D        | Became a worshipper of Warmaster Okawaru
   218 | D        | Entered arena 2.
   218 | D        | Noticed an iron imp
   218 | D        | Found a transporter.
   221 | D        | Killed an iron imp
   222 | D        | Reached skill level 5 in Armour
   222 | D        | Reached XP level 2. HP: 20/20 MP: 2/2
   222 | D        | Reached XP level 3. HP: 25/25 MP: 3/3
   230 | D        | Entered arena 3.
   230 | D        | Noticed a bullfrog
   230 | D        | Noticed a bullfrog
   230 | D        | Found a transporter.
   233 | D        | Killed a bullfrog
   233 | D        | Reached * piety under Okawaru
   234 | D        | Reached XP level 4. HP: 32/32 MP: 4/4
   240 | D        | Killed a bullfrog
   241 | D        | Reached skill level 1 in Axes
   241 | D        | Reached XP level 5. HP: 38/38 MP: 5/5
   254 | D        | Entered arena 4.
   254 | D        | Noticed a merfolk
   254 | D        | Noticed a merfolk
   254 | D        | Noticed a merfolk
   254 | D        | Noticed a merfolk
   254 | D        | Found a transporter.
   263 | D        | Slain by a merfolk

Illustrated notes

Levels and vault maps discovered:
D:        sprint_v [room_start, room_1, room_2, room_3, room_4, room_5, room_6,
          room_7, room_8, room_9, room_10, room_11, room_12, room_13, room_14,
          room_15, room_16, room_17, room_18, room_19, room_20, room_21,
          room_22, room_23, room_24, room_25, room_26, room_27]

Skill      XL: |  1  2  3  4 |
---------------+-------------+-----
Fighting       | 4 6 7 |  7.0
Armour         | 5 6 7 |  7.4
Shields        | 4 6 7 |  7.1
Axes           | 1 |  1.4
Unarmed Combat | 3 |  3.2
Dodging        | |  0.1

Action                   |  1- 3 |  4- 6 || total
-------------------------+-------+-------++-------
Melee: Broad axe         |     3 |    11 ||    14
  Use: Potion            |     1 |     1 ||     2
Armor: Plate armour      |     3 |    16 ||    19
Block: Kite shield       |     3 |    35 ||    38

Table legend: (Time is in decaauts)
 A = Elapsed time spent in this place.
 B = Non-inter-level travel time spent in this place.
 C = Inter-level travel time spent in this place.
 D = Time resting spent in this place.
 E = Time spent auto-exploring this place.
 F = Levels seen in this place.
 G = Mean time per level.
                   A        B        C        D        E       F      G
               +--------+--------+--------+--------+--------+-----+--------+
         Total |    271 |    271 |      0 |      0 |      6 |   1 |  271.0 |
       Dungeon |    271 |    271 |      0 |      0 |      6 |   1 |  271.0 |
               +--------+--------+--------+--------+--------+-----+--------+

Top non-repeatable levels by time:
       D: 271 daAuts
